 Dungeon Crawl Stone Soup version 0.25-a0-589-g1e14c549ee (webtiles) character file.

Game seed: 2988530490975410088, levelgen mode: deterministic

494810 Gargoyl the Envoy of Void (level 23, -3/219 HPs)
             Began as a Centaur Abyssal Knight on Mar 8, 2020.
             Was a High Priest of Lugonu.
             Killed by divine providence
             ... invoked by a daeva
              (15 damage)
             ... on level 1 of the Abyss on Mar 9, 2020.
             The game lasted 01:55:39 (74728 turns).

Gargoyl the Envoy of Void (Centaur Abyssal Knight) Turns: 74728, Time: 01:55:40

Health: -3/219     AC: 41    Str: 26    XL:     23   Next: 65%
Magic:  19/27      EV: 12    Int: 11    God:    Lugonu [*****.]
Gold:   4000       SH:  0    Dex: 14    Spells: 22/22 levels left

rFire    + . .     SeeInvis +   a - +7 lajatang of Order {silver, rMut}
rCold    + . .     Gourm    .   (shield currently unavailable)
rNeg     + . .     Faith    .   R - +7 chain mail of Sloth {Str+4 Dex+4 SInv}
rPois    +         Spirit   .   (helmet restricted)
rElec    +         Reflect  .   F - scarf {repulsion}
rCorr    .         Harm     .   n - +2 pair of gloves {archery}
rMut     +         Clarity  +   P - +4 centaur barding {Fly}
MR       +....                  y - amulet of the acrobat
Stlth    ..........             o - ring "Biqipitemn" {rElec rPois Slay+6}
HPRegen  0.46/turn              K - ring of Cuitoe {rN+ MP-9 AC+4 Stlth+}
MPRegen  0.20/turn

@: about to teleport, flying, lightly drained, repel missiles, very quick
A: large, hooves 3, horns 1, rugged brown scales 2, blink, clarity, clumsy 1,
cold resistance 1, deformed body, fire resistance 1, speed 2, tough skin 3
}: 3/15 runes: decaying, serpentine, silver
a: Blink, Depart the Abyss, Bend Space, Banish, Corrupt, Enter the Abyss,
Renounce Religion, Stop Flying


You were on level 1 of the Abyss.
You worshipped Lugonu.
Lugonu was extremely pleased with you.
You were not hungry.

You visited 8 branches of the dungeon, and saw 40 of its levels.
You visited the Abyss 8 times.
You also visited: Sewer and Gauntlet.

You collected 5109 gold pieces.
You spent 1109 gold pieces at shops.

Inventory:

Hand Weapons
 a - the +7 lajatang of Order (weapon) {silver, rMut}
   (You acquired it on level 2 of the Vaults)

   It protects you from mutation.
 e - the +10 quarterstaff of Mypluuxe {vorpal, Str+3}
   (You found it on level 2 of the Abyss)

   It inflicts extra damage upon your enemies.
   It affects your strength (+3).
 A - the +10 scythe of the Illusory Spirits {flame, Dex+4}
   (You found it on level 1 of the Abyss)

   It has been specially enchanted to burn those struck by it, causing extra
   injury to most foes and up to half again as much damage against particularly
   susceptible opponents.
   Big, fiery blades are also staple armaments of hydra-hunters.
   It affects your dexterity (+4).
 J - a +8 war axe of electrocution
 M - a +5 broad axe of venom
Missiles
 N - 20 silver javelins (quivered)
 S - 11 javelins
Armour
 l - a +2 helmet
 n - a +2 pair of gloves of archery (worn)
 s - a +8 plate armour of fire resistance
 F - a scarf of repulsion (worn)
 P - a +4 centaur barding of flying (worn)
 R - the +7 chain mail of Sloth (worn) {Str+4 Dex+4 SInv}
   (You found it on level 1 of the Lair of Beasts)

   It affects your strength (+4).
   It affects your dexterity (+4).
   It lets you see invisible.
Jewellery
 h - a cursed amulet of inaccuracy {unknown}
 o - the ring "Biqipitemn" (left hand) {rElec rPois Slay+6}
   (You found it in a Gauntlet)

   [ring of poison resistance]

   It affects your accuracy and damage with ranged weapons and melee attacks
   (+6).
   It insulates you from electricity.
   It protects you from poison.
 y - an amulet of the acrobat (around neck)
 C - the ring of Lesser Demons {*Corrode +Inv Str+2 Int+4 SInv}
   (You took it off an ironbrand convoker on level 5 of the Vaults)

   [ring of see invisible]

   It affects your strength (+2).
   It affects your intelligence (+4).
   It lets you see invisible.
   It lets you turn invisible.
   It may corrode you when you take damage.
 H - an uncursed ring of protection from fire
 K - the ring of Cuitoe (right hand) {rN+ MP-9 AC+4 Stlth+}
   (You found it in a Gauntlet)

   [ring of protection]

   It affects your AC (+4).
   It protects you from negative energy.
   It affects your magic capacity (-9).
   It makes you more stealthy.
 O - the ring of Moderation {rN+ MP+9 Int+5}
   (You took it off an ironbrand convoker on level 5 of the Vaults)

   [ring of magical power]

   It affects your intelligence (+5).
   It protects you from negative energy.
   It affects your magic capacity (+9).
 T - an uncursed ring of protection from magic
 Z - a +2 ring of protection
Wands
 w - a wand of polymorph (3)
 x - a wand of clouds (16)
 I - a wand of digging (13)
 Q - a wand of random effects (5)
 V - a wand of iceblast (4)
 X - a wand of acid (7)
Scrolls
 g - 23 scrolls of remove curse
 j - 9 scrolls of teleportation
 u - 11 scrolls of magic mapping
 v - 7 scrolls of fear
 z - 3 scrolls of identify
 D - 2 scrolls of fog
 G - a scroll of blinking
 Y - a scroll of acquirement
Potions
 b - 12 potions of haste
 d - 5 potions of flight
 f - a potion of cancellation
 i - 5 potions of curing
 k - 6 potions of stabbing
 m - 4 potions of might
 p - a potion of heal wounds
 q - 5 potions of magic
 r - 2 potions of ambrosia
 t - 8 potions of brilliance
 B - 5 potions of resistance
 E - 2 potions of berserk rage
 L - 6 potions of mutation
 W - 2 potions of invisibility
Miscellaneous
 U - a lightning rod (4/4)
Comestibles
 c - 46 rations


   Skills:
 + Level 18.1(17.7) Fighting
 + Level 2.3(3.8) Axes
 + Level 5.2(12.9) Polearms
 + Level 18.2(18.0) Staves
 + Level 2.4(2.1) Throwing
 * Level 17.3(17.0) Armour
 * Level 13.4(13.0) Dodging
 * Level 18.8(18.4) Invocations


You had 22 spell levels left.
You didn't know any spells.
Your spell library contained the following spells:

 Spells                   Type           Power        Failure   Level  Hunger
 Animate Skeleton         Necr           N/A          77%         1    ##.....
 Apportation              Tloc           #.....       77%         1    ##.....
 Corona                   Hex            #......      77%         1    ##.....
 Foxfire                  Conj/Fire      #...         77%         1    ##.....
 Freeze                   Ice            #...         77%         1    ##.....
 Magic Dart               Conj           #...         77%         1    ##.....
 Pain                     Necr           #...         77%         1    ##.....
 Shock                    Conj/Air       #...         77%         1    ##.....
 Summon Butterflies       Summ           #.......     77%         1    ##.....
 Summon Small Mammal      Summ           #...         77%         1    ##.....
 Blink                    Tloc           N/A          88%         2    ###....
 Call Imp                 Summ           #.......     88%         2    ###....
 Slow                     Hex            #.......     88%         2    ###....
 Swiftness                Chrm/Air       #.......     88%         2    ###....
 Call Canine Familiar     Summ           #.......     98%         3    ####...
 Conjure Flame            Conj/Fire      #.......     98%         3    ####...
 Frozen Ramparts          Ice            #.....       98%         3    ####...
 Inner Flame              Hex/Fire       #.......     98%         3    ####...
 Lesser Beckoning         Tloc           #.........   98%         3    ####...
 Mephitic Cloud           Conj/Pois/Air  #.......     98%         3    ####...
 Ozocubu's Armour         Chrm/Ice       #.......     98%         3    ####...
 Portal Projectile        Hex/Tloc       #.....       98%         3    ####...
 Static Discharge         Conj/Air       #.......     98%         3    ####...
 Summon Guardian Golem    Hex/Summ       #.......     98%         3    ####...
 Tukima's Dance           Hex            #.......     98%         3    ####...
 Vampiric Draining        Necr           #.........   98%         3    ####...
 Airstrike                Air            #.........   100%        4    #####..
 Animate Dead             Necr           N/A          100%        4    #####..
 Cause Fear               Hex            #.........   100%        4    #####..
 Dispel Undead            Necr           #.......     100%        4    #####..
 Hailstorm                Conj/Ice       #.......     100%        4    #####..
 Leda's Liquefaction      Hex/Erth       #.........   100%        4    #####..
 Sticky Flame             Conj/Fire      #.......     100%        4    #####..
 Summon Ice Beast         Ice/Summ       #.......     100%        4    #####..
 Summon Lightning Spire   Summ/Air       #.......     100%        4    #####..
 Agony                    Necr           #.......     100%        5    ######.
 Alistair's Intoxication  Tmut/Pois      #.......     100%        5    ######.
 Bolt of Magma            Conj/Fire/Erth #.........   100%        5    ######.
 Borgnjor's Vile Clutch   Necr/Erth      #.........   100%        5    ######.
 Fireball                 Conj/Fire      #.........   100%        5    ######.
 Iskenderun's Battlesphe  Conj/Chrm      #.......     100%        5    ######.
 Lightning Bolt           Conj/Air       #.........   100%        5    ######.
 Silence                  Hex/Air        #.........   100%        5    ######.
 Conjure Ball Lightning   Conj/Air       #.........   100%        6    #######
 Deflect Missiles         Chrm/Air       #.........   100%        6    #######
 Invisibility             Hex            #.......     100%        6    #######
 Iron Shot                Conj/Erth      #.........   100%        6    #######
 Simulacrum               Ice/Necr       #.........   100%        6    #######
 Orb of Destruction       Conj           #.........   100%        7    #######
 Spellforged Servitor     Conj/Summ      #.........   100%        7    #######
 Infestation              Necr           #.........   100%        8    #######
 Tornado                  Air            #.........   100%        9    #######


Dungeon Overview and Level Annotations

Branches:
Dungeon (15/15)            Temple (0/1) D:4            Lair (6/6) D:11
  Swamp (4/4) Lair:4        Snake (4/4) Lair:3        Slime (0/5) Lair:6
    Orc (2/2) D:11            Elf (1/3) Orc:2        Vaults (5/5) D:14
  Crypt (3/3) Vaults:2     Depths (0/5) D:15          Sewer (visited)
Gauntlet (visited)
   Tomb: Crypt:3

Altars:
Dithmenos
Fedhas
Gozag
Kikubaaqudgha
Wu Jian
Yredelemnul
Zin
The Shining One

Shops:
D:6 [   Orc:1 *   Orc:2 ([*=   Snake:3 :   Vaults:1 *   Vaults:2 ?   Vaults:3 ?

Portals:
Trove: D:10 (give 8 potions of haste)

Annotations:
Vaults:4 corrupted
Vaults:5 corrupted
Crypt:3 Khufu
Abyss:1 Prince Ribbit


Innate Abilities, Weirdness & Mutations

You have hooves in place of feet.
Armour fits poorly on your strangely shaped body.
You cover ground very quickly.
You have extremely tough skin. (AC +3)
You have a pair of small horns on your head.
You are mostly covered in rugged brown scales. (AC +2, +5% HP)
You can translocate small distances at will.
You possess an exceptional clarity of mind.
You are clumsy. (Dex -2)
Your flesh is cold resistant. (rC+)
Your flesh is heat resistant. (rF+)


Message History

The starspawn tentacle constricts you.
You escape the starspawn tentacle's grasp.
Tentacles burst from the starspawn's body! 2 starspawn tentacles come into view.
You see here a potion of heal wounds.
You can't carry that many items.
You drop 58 boomerangs.
The starspawn tentacle grabs you. The starspawn tentacle constricts you.
The starspawn tentacle loses its grip on you.
The tentacle pulls you backwards!
The entropy weaver seems to regain its courage.
Things that are here:
58 boomerangs; a potion of heal wounds
p - a potion of heal wounds A starcursed mass splits.
A chorus of shrieks assaults your mind.
* * * LOW HITPOINT WARNING * * *
The daeva calls down the wrath of the Shining One upon you.
The Shining One smites you!
You die...

##.#. ... .§#...#...#
§§.#..#.#.### ..#.# #
.......####§.#....
#.##...≈≈≈≈#.#.... .#
###....#≈.##─.... ...
#....≈≈≈#≈≈##§...#.##
#....@..('(... ....
.a........##XXA.#...
##.##≈≈≈##≈#.....AX .
#.≈≈#.≈#....X#...
#...≈≈≈≈# ........
##..≈≈≈###### # ##
#.≈.≈≈# .8 ##.≈≈≈# .
≈≈≈ #


You could see 2 starcursed masses, a daeva and an entropy weaver.

Vanquished Creatures
  Mara (Swamp:3)
  A greater mummy (Crypt:3)
  Boris (twice) (Vaults:4 Crypt:1)
  Margery (Vaults:4)
  Vashnia (Snake:2)
  Nikola (Swamp:4)
  2 golden dragons (Vaults:5)
  Jory (Vaults:5)
  2 bone dragons (Abyss:1)
  Jorgrun (Snake:3)
  2 tentacled monstrosities (Vaults:5)
  Rupert (D:13)
  2 liches
  A quicksilver dragon (Vaults:4)
  8 tentacled starspawn
  4 titans (Vaults:5)
  An Executioner (Abyss:1)
  5 sphinxes
  2 ancient champions (Crypt:2)
  Kirke (Swamp:3)
  4 tengu reavers
  Roxanne (D:14)
  A shadow dragon (Vaults:4)
  An azure jelly (Swamp:4)
  Donald (Swamp:3)
  6 nagarajas
  4 storm dragons
  2 revenants (Crypt:1)
  5 fire giants
  2 orc warlords
  Louise (D:13)
  2 balrugs (Abyss:1)
  18 vault wardens
  4 frost giants
  Aizul (Swamp:3)
  A draconian shifter (Abyss:1)
  2 deep elf elementalists (Vaults:5)
  4 very ugly things
  17 ironheart preservers
  2 entropy weavers
  9 stone giants
  A reaper (Crypt:2)
  3 war gargoyles
  A deep elf demonologist (Vaults:5)
  A deep elf annihilator (Vaults:5)
  A minotaur (Gauntlet)
  2 vampire knights (Crypt:2)
  The ghost of Kohma the Martial Artist, a journeyman GnTm of Gozag (Lair:4)
  A red draconian (Abyss:1)
  2 deep elf death magi
  6 ettins
  3 eidola
  3 green deaths
  A crystal guardian (Vaults:4)
  5 fire dragons
  The ghost of Xerdoz the Destroyer, a journeyman NaWz of Sif Muna (Lair:1)
  3 deep elf high priests (Vaults:5)
  10 jiangshi
  2 great orbs of eyes
  A ragged hierophant (Vaults:1)
  9 yaktaur captains
  15 hydras
  Erolcha (D:9)
  3 rakshasas (Abyss:1)
  A shambling mangrove (Swamp:4)
  29 vault guards
  5 ice dragons
  18 naga warriors
  14 anacondas
  3 catoblepae (Lair:6)
  3 death knights
  2 ghost crabs
  14 alligators
  15 ogre magi
  A dancing weapon (Vaults:5)
  10 centaur warriors
  19 naga sharpshooters
  3 orc high priests (Orc:2)
  44 two-headed ogres
  4 vampire magi (Crypt:1)
  2 deep troll shamans
  8 thrashing horrors
  6 shock serpents
  8 death yaks
  2 spriggans
  Sonja (Lair:4)
  3 deep troll earth magi
  27 skeletal warriors
  2 deep elf knights
  7 wretched stars
  2 sun demons
  8 hell knights
  3 shadow wraiths
  A soul eater (Crypt:2)
  A fire crab (shapeshifter) (Vaults:3)
  5 salamander mystics
  A shadow demon (Abyss:5)
  3 spatial maelstroms
  15 deep trolls
  2 sixfirhies (Abyss:1)
  An unseen horror (Crypt:2)
  4 glowing orange brains
  2 deep trolls (shapeshifter)
  7 naga ritualists
  4 flayed ghosts
  3 spriggan druids (Swamp:3)
  4 deep elf archers
  An unseen horror (shapeshifter) (Vaults:2)
  6 swamp dragons
  6 wizards
  25 starcursed masses
  A harpy (shapeshifter) (Vaults:2)
  2 necromancers
  17 ironbrand convokers
  11 deep elf magi
  A harpy (Vaults:3)
  18 orc knights
  A wolf spider zombie (D:15)
  13 orc sorcerers
  7 oklob plants
  13 ugly things
  15 mana vipers
  An orb spider (shapeshifter) (Vaults:3)
  6 phantasmal warriors
  2 manticores (Lair:6)
  6 worldbinders
  3 wolf spiders
  3 cyclopes
  15 salamanders
  A stone giant skeleton (Crypt:1)
  2 apocalypse crabs (Abyss:1)
  31 black mambas
  3 centaur zombies
  An eye of devastation (shapeshifter) (Vaults:1)
  An eye of devastation (Abyss:1)
  13 naga magi
  14 vault sentinels
  A rust devil (Abyss:1)
  6 smoke demons
  6 elephants
  19 spiny frogs
  6 gargoyles
  14 guardian serpents
  2 shock serpent skeletons (Crypt:1)
  A dire elephant skeleton (Abyss:1)
  2 guardian serpents (shapeshifter) (Vaults:4)
  A spiny frog (shapeshifter) (Vaults:3)
  A rime drake (shapeshifter) (D:14)
  3 orange demons (Abyss:1)
  2 torpor snails
  6 centaur skeletons
  18 large abominations
  A hellion (Abyss:5)
  14 freezing wraiths
  A kobold demonologist (D:15)
  2 komodo dragons (shapeshifter)
  A yaktaur (shapeshifter) (Vaults:3)
  A redback zombie (Crypt:2)
  28 yaktaurs
  3 rime drakes
  4 komodo dragons
  6 ancient zymes
  2 demonic crawlers
  A white draconian skeleton (Crypt:1)
  A red draconian skeleton (Crypt:1)
  A queen bee (Lair:4)
  4 red devils (Abyss:1)
  2 guardian mummies (Crypt:1)
  6 trolls
  2 jumping spiders (shapeshifter)
  A jumping spider (Vaults:3)
  A harpy zombie (Abyss:5)
  8 hornets
  A meliai (shapeshifter) (Vaults:4)
  10 tyrant leeches
  A polar bear (shapeshifter) (Vaults:1)
  3 meliai (Lair:4)
  A polar bear (Lair:4)
  9 blink frogs
  6 bog bodies
  47 slime creatures
  A harpy skeleton (D:15)
  13 hippogriffs
  A blink frog (shapeshifter) (Vaults:5)
  18 raiju
  A hippogriff (shapeshifter) (Vaults:2)
  2 saltlings (Vaults:2)
  3 flying skulls (Crypt:1)
  4 shadows
  A redback (Vaults:3)
  A wyvern (Lair:5)
  A black mamba zombie (Crypt:2)
  A vampire (Abyss:1)
  2 tarantellas
  3 centaur simulacra (D:11)
  66 yaks
  11 wraiths
  A fire dragon skeleton (Crypt:1)
  5 ynoxinuls
  16 humans (D:13)
  5 golden eyes (Abyss:2)
  A golden eye (shapeshifter) (Vaults:2)
  4 basilisks
  A basilisk (shapeshifter) (Vaults:5)
  A hungry ghost (D:13)
  5 neqoxecs
  A yaktaur simulacrum (Vaults:1)
  21 vampire mosquitoes
  6 chaos spawn
  A merfolk zombie (Crypt:2)
  2 swamp worm simulacra (Swamp:4)
  2 soldier ants (shapeshifter)
  2 spatial vortices (Abyss:5)
  25 insubstantial wisps
  56 nagas
  A faun zombie (Crypt:2)
  An acid dragon (Vaults:2)
  A soldier ant (D:12)
  14 swamp worms
  6 wargs
  15 hydra simulacra (Swamp:4)
  12 water moccasins
  17 porcupines
  5 hell hounds (Abyss:1)
  A porcupine (shapeshifter) (Vaults:1)
  52 orc warriors
  7 ice beasts
  3 swamp drakes
  An ice beast (shapeshifter) (Vaults:1)
  4 sky beasts
  7 phantoms
  4 black bears (D:11)
  45 ogres
  An eye of draining (D:15)
  24 wolves
  20 centaurs
  19 crocodiles
  Blork the orc (D:6)
  3 big kobolds
  26 bullfrogs
  A draconian skeleton (Crypt:2)
  A spiny frog simulacrum (Abyss:1)
  9 scorpions
  A water moccasin zombie (D:6)
  A wyvern skeleton (D:8)
  37 killer bees
  3 electric eels (D:10)
  12 wights
  2 howler monkeys
  10 crimson imps
  2 bullfrog zombies
  23 small abominations
  4 hounds
  A human zombie (Crypt:1)
  6 jellies
  32 orc wizards
  5 bullfrog skeletons
  29 orc priests
  Crazy Yiuf (D:5)
  3 iron imps (Abyss:1)
  A porcupine zombie (Crypt:2)
  3 iguanas
  11 worker ants
  3 human skeletons (Crypt:1)
  A hell rat (Crypt:2)
  A crocodile skeleton (Crypt:1)
  2 hound skeletons (D:5)
  5 mummies
  A worker ant zombie (D:5)
  12 adders
  7 gnolls
  5 river rats (Sewer)
  2 howler monkey skeletons
  8 shadow imps
  7 white imps
  A worker ant simulacrum (D:11)
  4 ufetubi
  6 oozes
  An ooze (shapeshifter) (Vaults:5)
  5 swamp drake simulacra (Swamp:4)
  2 adder skeletons
  A worm (D:3)
  2 dart slugs
  3 leopard geckos
  117 orcs
  5 bats
  A bat zombie (Crypt:2)
  8 giant cockroaches
  12 goblins
  6 hobgoblins
  14 jackals
  23 kobolds
  12 ball pythons
  6 frilled lizards
  A frilled lizard skeleton (Crypt:2)
  A giant cockroach zombie (Crypt:1)
  2 quokka skeletons
  A quokka zombie (D:5)
  32 rats
  2 fungi
  5 starspawn tentacles
2115 creatures vanquished.

Vanquished Creatures (others)
  Sojobo (Vaults:4)
  An entropy weaver (Gauntlet)
  A vault guard (Vaults:4)
  A naga warrior (Snake:3)
  3 two-headed ogres
  A wolf spider (Gauntlet)
  A black mamba (Lair:6)
  A spiny frog (Lair:6)
  An ice devil (Gauntlet)
  A komodo dragon (Lair:6)
  A starcursed mass (Abyss:5)
  A redback (Gauntlet)
  A golden eye (Abyss:5)
  A large abomination (Abyss:5)
  An orc warrior (Vaults:5)
  4 small abominations (Abyss:1)
  An orc priest (Vaults:1)
  An ufetubus (Abyss:1)
  A swamp drake simulacrum (Swamp:4)
  An orc (Vaults:3)
  A giant cockroach (Crypt:2)
  A hobgoblin (D:3)
  3 fungi
  9 plants
  27 starspawn tentacles
  2 withered plants (Lair:4)
68 creatures vanquished.

Grand Total: 2183 creatures vanquished

Notes
Turn   | Place    | Note
-------+----------+-------------------------------------------
     0 | Abyss:1  | Gargoyl the Centaur Abyssal Knight began the quest for the
                  | Orb.
     0 | Abyss:1  | Reached XP level 1. HP: 19/19 MP: 2/2
     1 | Abyss:1  | Found a corrupted altar of Lugonu.
    56 | Abyss:1  | Found a transporter.
    56 | Abyss:1  | Noticed a small abomination
    95 | Abyss:2  | Found a corrupted altar of Lugonu.
    99 | Abyss:2  | Noticed a smoke demon
   101 | Abyss:2  | Noticed a rust devil
   110 | Abyss:2  | Noticed a rakshasa
   128 | Abyss:2  | Noticed a hellwing
   128 | Abyss:2  | Noticed a smoke demon
   130 | Abyss:2  | Got a scorched quarterstaff
   133 | D:1      | Escaped the Abyss
   134 | D:1      | Identified the +10 quarterstaff of Mypluuxe {vorpal, Str+3}
                  | (You found it on level 2 of the Abyss)
   161 | D:1      | Reached * piety under Lugonu
   192 | D:1      | Reached XP level 2. HP: 24/26 MP: 3/3
   738 | D:1      | Reached XP level 3. HP: 31/31 MP: 4/4
   952 | D:2      | Found a basalt altar of Yredelemnul.
   967 | D:2      | Reached skill level 1 in Dodging
  1239 | D:2      | Reached skill level 1 in Staves
  1265 | D:2      | Found an ornate altar of the Wu Jian Council.
  1489 | D:2      | Reached XP level 4. HP: 23/38 MP: 6/6
  1778 | D:3      | Reached ** piety under Lugonu
  1819 | D:3      | Noticed a phantom
  2040 | D:3      | Killed a phantom
  2040 | D:3      | Reached XP level 5. HP: 27/46 MP: 7/7
  2186 | D:3      | Found a blossoming altar of Fedhas.
  2738 | D:4      | Found a staircase to the Ecumenical Temple.
  2753 | D:3      | Reached XP level 6. HP: 43/52 MP: 8/8
  3222 | D:4      | Reached *** piety under Lugonu
  3822 | D:4      | Found a shadowy altar of Dithmenos.
  3921 | D:5      | Entered Level 5 of the Dungeon
  3925 | D:5      | Reached XP level 7. HP: 54/59 MP: 9/9
  4316 | D:5      | Noticed Prince Ribbit
  4545 | D:4      | Banished Prince Ribbit
  4776 | D:5      | Reached XP level 8. HP: 64/66 MP: 11/11
  5013 | D:5      | Found a runed translucent door.
  5014 | D:5      | Noticed Crazy Yiuf
  5237 | D:5      | Killed Crazy Yiuf
  5287 | D:6      | Reached skill level 5 in Invocations
  5352 | D:6      | Reached skill level 5 in Staves
  5521 | D:6      | Noticed Blork the orc
  5529 | D:6      | Killed Blork the orc
  5651 | D:6      | Reached **** piety under Lugonu
  5693 | D:6      | Found Peni's Antique Armour Shop.
  5723 | D:6      | Found a glowing drain.
  5746 | Sewer    | Entered a sewer
  5808 | Sewer    | Reached XP level 9. HP: 73/73 MP: 13/13
  5918 | Sewer    | Reached ***** piety under Lugonu
  6165 | Sewer    | Reached skill level 5 in Fighting
  7085 | D:7      | Found a basalt altar of Yredelemnul.
  7443 | D:8      | Reached skill level 5 in Armour
  7873 | D:9      | Reached XP level 10. HP: 81/81 MP: 15/15
  8044 | D:9      | Noticed Erolcha
  8053 | D:9      | Killed Erolcha
  8428 | D:9      | Noticed a two-headed ogre
  8436 | D:9      | Killed a two-headed ogre
  8436 | D:9      | Reached skill level 5 in Dodging
  9039 | D:9      | Found a glowing silver altar of Zin.
  9039 | D:9      | Found a glowing golden altar of the Shining One.
  9262 | D:10     | Entered Level 10 of the Dungeon
 10465 | D:10     | Found a portal to a secret trove of treasure.
 10539 | D:11     | Noticed a red ugly thing
 10539 | D:11     | Noticed a two-headed ogre
 10549 | D:10     | Killed a red ugly thing
 10549 | D:10     | Reached XP level 11. HP: 34/91 MP: 17/17
 10783 | D:10     | HP: 3/91 [two-headed ogre/+0 dire flail (23)]
 10795 | D:10     | Banished a two-headed ogre
 11749 | D:11     | Found a staircase to the Orcish Mines.
 11827 | D:11     | Noticed a death knight
 11839 | D:11     | Killed a death knight
 12185 | D:11     | Identified the +6 scale mail "Koojoih" {rElec rF- Int+2}
 12663 | D:11     | Found a staircase to the Lair.
 12769 | D:11     | Reached ****** piety under Lugonu
 12769 | D:11     | Reached skill level 10 in Staves
 12932 | D:11     | HP: 3/92 [large slime creature (25)]
 13832 | D:12     | Reached XP level 12. HP: 100/100 MP: 18/18
 13931 | D:12     | Noticed a two-headed ogre
 13938 | D:12     | Killed a two-headed ogre
 13994 | D:12     | Found a gate leading to a gauntlet.
 14061 | Gauntlet | Entered a Gauntlet
 14061 | Gauntlet | Found a transporter.
 14091 | Gauntlet | Found a transporter.
 14102 | Gauntlet | Found a transporter.
 14103 | Gauntlet | Noticed a death ooze
 14373 | Gauntlet | Found a transporter.
 14390 | Gauntlet | HP: 5/101 [ice devil (18)]
 14485 | Abyss:1  | Noticed a tentacled starspawn
 14513 | Abyss:1  | Got a warped morningstar
 14565 | Gauntlet | Escaped the Abyss
 14572 | Gauntlet | Found a transporter.
 14580 | Gauntlet | Found a transporter.
 14581 | Gauntlet | Got a transparent ivory ring
 14582 | Gauntlet | Found a transporter.
 14585 | Gauntlet | Identified the ring of Cuitoe {rN+ MP-9 AC+4 Stlth+} (You
                  | found it in a Gauntlet)
 14858 | Gauntlet | Found a transporter.
 14932 | Gauntlet | Noticed a hell hog
 14961 | Gauntlet | Corrupted Gauntlet
 14961 | Gauntlet | Noticed a tentacled starspawn
 14961 | Gauntlet | Noticed an Executioner
 14964 | Gauntlet | Found a transporter.
 14980 | Gauntlet | Noticed a bone dragon
 15000 | Gauntlet | Killed an entropy weaver
 15012 | Gauntlet | Found a runed translucent gate.
 15013 | Gauntlet | Found a transporter.
 15013 | Gauntlet | Found a runed translucent gate.
 15014 | Gauntlet | Found a runed translucent gate.
 15016 | Gauntlet | Noticed a hell beast
 15022 | Gauntlet | Found a transporter.
 15022 | Gauntlet | Found a transporter.
 15024 | Gauntlet | Found a transporter.
 15051 | Gauntlet | Got a warped platinum ring
 15052 | Gauntlet | Identified the ring "Biqipitemn" {rElec rPois Slay+6} (You
                  | found it in a Gauntlet)
 15070 | Gauntlet | Noticed a minotaur
 15082 | Gauntlet | Killed a minotaur
 15082 | Gauntlet | Reached skill level 10 in Invocations
 15958 | D:12     | Noticed a two-headed ogre
 15959 | D:12     | Banished a two-headed ogre
 16572 | D:13     | Noticed a two-headed ogre
 16577 | D:13     | Killed a two-headed ogre
 16667 | D:13     | Noticed a sphinx
 16676 | D:13     | Killed a sphinx
 16676 | D:13     | Reached XP level 13. HP: 64/107 MP: 12/21
 18573 | D:13     | Noticed Rupert
 18618 | D:13     | Killed Rupert
 18959 | D:13     | Noticed a sphinx
 18967 | D:13     | Killed a sphinx
 19219 | Lair:1   | Entered Level 1 of the Lair of Beasts
 19220 | Lair:1   | Upgraded the game from 0.25-a0-583-g696c2ac64d to
                  | 0.25-a0-589-g1e14c549ee
 20031 | Lair:1   | Reached skill level 1 in Throwing
 20427 | Lair:1   | Found a runed translucent door.
 20429 | Lair:1   | Noticed Xerdoz's ghost (journeyman NaWz)
 20439 | Lair:1   | Killed Xerdoz's ghost
 20451 | Lair:1   | Got an ichor-stained chain mail
 20554 | Lair:1   | Identified the +7 chain mail of Sloth {Str+4 Dex+4 SInv}
                  | (You found it on level 1 of the Lair of Beasts)
 21004 | Lair:2   | Reached XP level 14. HP: 95/118 MP: 13/22
 21222 | Lair:2   | Identified the +4 morningstar of Nout {drain, Str+2 Dex+2}
                  | (You found it on level 1 of the Abyss)
 21231 | Lair:2   | Gained mutation: You evolve. [potion of mutation]
 21231 | Lair:2   | Gained mutation: Your muscles are strong. (Str +2) [potion
                  | of mutation]
 21231 | Lair:2   | Gained mutation: You are partially covered in rugged brown
                  | scales. (AC +1, +3% HP) [potion of mutation]
 21231 | Lair:2   | Gained mutation: Your flesh is cold resistant. (rC+)
                  | [potion of mutation]
 21250 | Lair:2   | Gained mutation: You possess an exceptional clarity of
                  | mind. [evolution]
 22225 | Lair:3   | Found a staircase to the Snake Pit.
 22820 | Lair:4   | Found a staircase to the Swamp.
 22951 | Lair:4   | Found a runed translucent door.
 22951 | Lair:4   | Noticed Kohma's ghost (journeyman GnTm)
 23593 | Lair:4   | Noticed Sonja
 23606 | Lair:4   | Killed Sonja
 24213 | Lair:4   | Killed Kohma's ghost
 24794 | Lair:5   | Reached skill level 10 in Fighting
 25093 | Lair:5   | Gained mutation: You have a pair of small horns on your
                  | head. [evolution]
 25412 | Lair:6   | Entered Level 6 of the Lair of Beasts
 25413 | Lair:6   | Reached skill level 10 in Armour
 25746 | Lair:6   | Reached XP level 15. HP: 71/129 MP: 15/24
 26556 | Lair:6   | Found a staircase to the Slime Pits.
 28133 | D:14     | Found a gate to the Vaults.
 28743 | D:14     | Noticed Louise
 28794 | D:13     | Killed Louise
 29367 | D:14     | Noticed Roxanne
 29385 | D:14     | Killed Roxanne
 29412 | D:15     | Entered Level 15 of the Dungeon
 30185 | D:15     | Found a staircase to the Depths.
 30471 | Orc:1    | Entered Level 1 of the Orcish Mines
 31157 | D:11     | Lost mutation: You have a pair of small horns on your head.
                  | [evolution]
 31684 | Orc:1    | Reached XP level 16. HP: 141/141 MP: 16/25
 31721 | Orc:1    | You fall into a shaft and drop 1 floor!
 31721 | Orc:2    | Entered Level 2 of the Orcish Mines
 33273 | Orc:2    | Found a staircase to the Elven Halls.
 33927 | Orc:2    | Found Canemeas's Antique Armour Boutique.
 33928 | Orc:2    | Found Hontiroa's Antique Weapon Boutique.
 33929 | Orc:2    | Found Syemy's General Store.
 33929 | Orc:2    | Found Oxzeidic's Jewellery Shop.
 34148 | Orc:1    | Found Kurypsar's Mass Market.
 34380 | Snake:1  | Entered Level 1 of the Snake Pit
 34514 | Snake:1  | Found an opulent altar of Gozag.
 36526 | Snake:2  | Noticed Vashnia
 36561 | Snake:2  | Killed Vashnia
 37609 | Snake:2  | Reached XP level 17. HP: 112/150 MP: 18/27
 38531 | Snake:3  | Noticed Jorgrun
 38557 | Snake:3  | Killed Jorgrun
 38886 | Snake:3  | Found Binauho's Book Shop.
 39059 | Snake:3  | Gained mutation: You can translocate small distances at
                  | will. [evolution]
 40009 | Snake:4  | Entered Level 4 of the Snake Pit
 40305 | Snake:4  | Reached skill level 10 in Dodging
 40629 | Snake:4  | Found the +10 tower shield of Ignorance {rN+ Int-4}
 40999 | Snake:4  | Reached skill level 15 in Staves
 42029 | Abyss:1  | Got a translucent scythe
 42429 | Snake:4  | Escaped the Abyss
 42883 | Snake:4  | Escaped the Abyss
 43429 | Snake:4  | Reached XP level 18. HP: 156/161 MP: 20/29
 43666 | Snake:4  | Reached skill level 15 in Invocations
 44535 | Snake:4  | Got a serpentine rune of Zot
 45042 | Vaults:1 | Entered Level 1 of the Vaults
 45387 | Vaults:1 | Found Haomas's Assorted Antiques.
 45392 | Vaults:1 | Bought a scroll of enchant weapon for 247 gold pieces
 45392 | Vaults:1 | Bought a scroll of enchant armour for 247 gold pieces
 46637 | Vaults:1 | Noticed a tentacled monstrosity
 47664 | Vaults:2 | Identified 3 scrolls of acquirement
 47664 | Vaults:2 | Identified the ring of Adutteor {*Drain rC+ MR+ Stlth+}
                  | (You acquired it on level 2 of the Vaults)
 47665 | Vaults:2 | Identified the ring "Zolezxa" {rC+ Str-5 Dex+7} (You
                  | acquired it on level 2 of the Vaults)
 47666 | Vaults:2 | Found the +7 lajatang of Order {silver, rMut}
 48068 | Vaults:2 | Found a magical portal.
 48089 | Vaults:2 | Gained mutation: You have a pair of small horns on your
                  | head. [evolution]
 48257 | Vaults:2 | Found Zamav's Magic Scroll Boutique.
 48279 | Vaults:2 | Reached XP level 19. HP: 74/170 MP: 21/30
 48511 | Vaults:2 | Bought a scroll of teleportation for 60 gold pieces
 48511 | Vaults:2 | Bought a scroll of blinking for 150 gold pieces
 48511 | Vaults:2 | Bought a scroll of blinking for 150 gold pieces
 48511 | Vaults:2 | Bought a scroll of enchant weapon for 150 gold pieces
 48512 | Vaults:2 | Identified the +10 scythe of the Illusory Spirits {flame,
                  | Dex+4} (You found it on level 1 of the Abyss)
 48878 | Vaults:2 | Reached skill level 1 in Polearms
 49432 | Vaults:2 | Found a staircase to the Crypt.
 49432 | Vaults:2 | Found an ancient bone altar of Kikubaaqudgha.
 49433 | Vaults:2 | Found a basalt altar of Yredelemnul.
 50293 | Vaults:3 | Found Zienait's Magic Scroll Emporium.
 50301 | Vaults:3 | Bought a scroll of teleportation for 30 gold pieces
 50301 | Vaults:3 | Bought a scroll of enchant armour for 75 gold pieces
 52410 | Vaults:3 | Reached skill level 15 in Armour
 52763 | Vaults:3 | Gained mutation: You are mostly covered in rugged brown
                  | scales. (AC +2, +5% HP) [evolution]
 52801 | Abyss:1  | Found a corrupted altar of Lugonu.
 52827 | Abyss:1  | Noticed a bone dragon
 52902 | Abyss:1  | Reached skill level 5 in Polearms
 52903 | Abyss:1  | Found a corrupted altar of Lugonu.
 53264 | Abyss:1  | Paralysed by accursed screaming for 1 turns
 53277 | Vaults:3 | Escaped the Abyss
 54187 | Vaults:3 | Reached XP level 20. HP: 156/184 MP: 23/32
 54956 | Vaults:4 | Paralysed by an ogre mage for 2 turns
 55403 | Vaults:4 | Reached skill level 15 in Fighting
 55429 | Vaults:4 | Lost mutation: Your muscles are strong. (Str +2)
                  | [evolution]
 55996 | Vaults:4 | Noticed Boris
 56009 | Vaults:4 | Killed Boris
 57229 | Vaults:5 | Entered Level 5 of the Vaults
 57234 | Vaults:5 | Corrupted Vaults:5
 58318 | Abyss:1  | Killed a bone dragon
 58621 | Vaults:4 | Escaped the Abyss
 58915 | Vaults:4 | Reached XP level 21. HP: 172/194 MP: 24/33
 58996 | Vaults:5 | Noticed Margery
 59144 | Vaults:4 | Killed Margery
 59536 | Vaults:5 | Noticed Sojobo
 59885 | Vaults:4 | Corrupted Vaults:4
 59896 | Vaults:4 | Killed Sojobo
 61247 | Vaults:5 | Noticed a golden dragon
 61260 | Vaults:5 | Killed a golden dragon
 61524 | Vaults:5 | Identified the cursed +1 ring mail "Hetullixt" {rPois rN++
                  | Int+3 Dex+3}
 61559 | Vaults:5 | Identified the cursed +1 scimitar "Exzuohag" {venom, +Rage
                  | rElec Dex+3}
 62070 | Vaults:5 | Identified the +8 great mace of Twilight {vorpal, Str+5}
 62070 | Vaults:5 | Identified the ring of Lesser Demons {*Corrode +Inv Str+2
                  | Int+4 SInv}
 62364 | Vaults:5 | Identified the +3 fire dragon scales of Coronation {*Drain
                  | rF++ rC- Regen+ Int+4}
 62550 | Vaults:5 | Got a silver rune of Zot
 62587 | Vaults:5 | Noticed a golden dragon
 62598 | Vaults:5 | Killed a golden dragon
 62810 | Vaults:5 | Identified the ring of Moderation {rN+ MP+9 Int+5}
 62843 | Vaults:5 | Identified the +6 halberd of the Key {vamp, Fragile +Fly
                  | rF+ Stlth+}
 62861 | Vaults:5 | Noticed Jory
 62884 | Abyss:1  | Found a corrupted altar of Lugonu.
 63218 | Abyss:1  | Reached XP level 22. HP: 163/205 MP: 25/34
 64221 | Abyss:5  | Entered Level 5 of the Abyss
 64869 | Abyss:5  | Gained mutation: You are clumsy. (Dex -2) [a neqoxec]
 64894 | Vaults:5 | Escaped the Abyss
 65359 | Vaults:5 | Killed Jory
 67294 | Swamp:1  | Entered Level 1 of the Swamp
 68875 | Swamp:3  | Noticed Aizul
 68885 | Swamp:3  | Killed Aizul
 68917 | Swamp:3  | Noticed Kirke
 68924 | Swamp:3  | Killed Kirke
 69001 | Swamp:3  | Noticed Mara
 69007 | Swamp:3  | Noticed Gargoyl's illusion
 69015 | Swamp:3  | Killed Mara
 69561 | Swamp:4  | Entered Level 4 of the Swamp
 69561 | Swamp:4  | Noticed Nikola
 69568 | Swamp:4  | Noticed Donald
 69630 | Swamp:3  | Gained mutation: Your flesh is heat resistant. (rF+)
                  | [evolution]
 69630 | Swamp:3  | Lost mutation: You evolve. [end of evolution]
 69694 | Swamp:3  | Reached XP level 23. HP: 211/216 MP: 27/36
 69826 | Swamp:3  | Killed Donald
 70655 | Swamp:4  | Killed Nikola
 71322 | Swamp:4  | Got a decaying rune of Zot
 71719 | Elf:1    | Entered Level 1 of the Elven Halls
 71949 | Crypt:1  | Entered Level 1 of the Crypt
 72806 | Crypt:1  | Noticed Boris
 72816 | Crypt:1  | Killed Boris
 73642 | Crypt:2  | Found a runed translucent gate.
 73642 | Crypt:2  | Found a runed translucent gate.
 73643 | Crypt:2  | Found a runed translucent gate.
 73665 | Crypt:2  | Found a basalt altar of Yredelemnul.
 73924 | Crypt:2  | Paralysed by a floating eye for 2 turns
 74415 | Crypt:3  | Entered Level 3 of the Crypt
 74455 | Crypt:3  | Identified the Compendium of Stolen Souls
 74681 | Crypt:3  | Noticed a greater mummy
 74681 | Crypt:3  | Noticed Khufu
 74692 | Crypt:3  | Killed a greater mummy
 74728 | Abyss:1  | Killed from afar by a daeva

Levels and vault maps discovered:
D:1:      lemuel_arrival_rhombus, layout_loops_corners
D:2:      layout_basic, yredelemnul_altar_generic, lemuel_doored_altar
D:3:      layout_rooms, fedhas_ov_isle_minmay
D:4:      layout_rooms, minmay_temple_entry_stoned_glass, first_ration,
          nicolae_dithmenos_through_a_glass_darkly
D:5:      layout_cave_pools, uniq_prince_ribbit1, uniq_crazy_yiuf_cottage
D:6:      layout_loops_ring, serial_shops, shop, portal_sewer_entry_b,
          minmay_unpleasant_kobolds, uniq_blork_the_orc
D:7:      layout_loops_cross, basic_altar, grunt_ogre_cave, nicolae_water_bricks
D:8:      layout_cave_pools
D:9:      layout_stronghold, gammafunk_temple_overflow_elements,
          hangedman_abyss_or_decor_stagger, uniq_erolcha
D:10:     layout_big_octagon, enter_trove_6, st_stairs_14
D:11:     layout_irregular_city, minmay_lair_entry_grove, erik_orc_3,
          serial_ice, serial_ice_m, serial_ice_e, serial_ice_g, serial_ice_b,
          portal_ice_cave_entry_pillars_1, kennysheep_generic_room_9
D:12:     layout_loops_ring, gauntlet_entry_generic
D:13:     minmay_evil_eye, layout_basic, serial_curves, eino_curves_01,
          eino_curves_04, minmay_diamond_spiral, uniq_rupert
D:14:     layout_basic, david_vaults_3, uniq_louise, uniq_roxanne
D:15:     grunt_enter_depths_magical_seal, layout_cave_pools,
          minmay_misc_feat_secret_circle, palyth_stone_intersect
Lair:1:   layout_long_grid, ebering_ghost_inner_flame,
          grunt_forest_small_clearings, grunt_megastairs_4
Lair:2:   layout_concentric_octagons, st_stairs_3
Lair:3:   layout_cave_pods, dummy_snake_entry
Lair:4:   regret_index_combs_of_tragedy, layout_gridlike, swamp_mist_pool,
          gammafunk_ghost_grave, uniq_sonja
Lair:5:   dpeg_oklob_gauntlet, layout_big_grid, grunt_megastairs_3
Lair:6:   evilmike_catoblepas_cave, layout_cave_pods,
          nicolae_slime_entry_slimehenge, minmay_lair_oklob_chamber
Swamp:1:  layout_basic_swamp, evilmike_swamp_ruin_house_3
Swamp:2:  layout_basic_swamp, evilmike_swamp_ruin_rubble_1
Swamp:3:  layout_basic_swamp, nicolae_swamp_very_dense_foliage, swamp_pool3,
          uniq_aizul, uniq_kirke, uniq_mara
Swamp:4:  swamp_icy, layout_basic_swamp, uniq_donald, uniq_nikola
Snake:1:  layout_onion, basic_altar
Snake:2:  layout_grid_shapes, uniq_vashnia
Snake:3:  layout_grid_maze, serial_shops, shop, uniq_jorgrun
Snake:4:  johnstein_snake_rune_scales, layout_cave_town
Orc:1:    layout_caves, special_room [special_room_orc], minmay_shop_mass
Orc:2:    st_orc_congregation, layout_diamond_mine
Elf:1:    minmay_elf_arrival_summoners, layout_loops_ring,
          hangedman_elf_represent, minmay_misc_feat_pillars
Vaults:1: vaults_room_door_hall, nicolae_vaults_specimen_jars,
          ontoclasm_vaults_decontamination, v_misc_24, v_alt_pattern_5,
          ontoclasm_vaults_misaligned, nicolae_vaults_little_squares_2,
          vaults_room_grid, vaults_room_pools, hangedman_vaults_maws,
          nicolae_vaults_yaktaur_gun_rack, layout_vaults_big_room, serial_shops,
          shop
Vaults:2: v_pattern_4, nicolae_vaults_windows_and_doors_thing,
          hangedman_vaults_stretched_pinwheel, minmay_crypt_entry_necro_gods,
          ontoclasm_vaults_gateway, vaults_room_corners, nicolae_vaults_theta,
          nicolae_vaults_an_arrangement, hangedman_vaults_maws, v_misc_28,
          layout_vaults_omnigrid, mu_enter_wizlab_3,
          portal_desolation_entry_salt, serial_shops, shop_scrolls
Vaults:3: ontoclasm_vaults_pinch, v_alt_pattern_4, hangedman_vaults_variations,
          dpeg_vaults_waves, v_misc_13, ontoclasm_vaults_bender,
          grunt_vaults_diagonal, v_misc_2, nicolae_vaults_mini_display_case,
          nicolae_vaults_border_crossing, nicolae_vaults_big_ls,
          ontoclasm_vaults_shuriken, vaults_room_door_hall, vaults_dpeg_ring,
          v_misc_19, layout_vaults_maze_bifur, serial_shops, shop
Vaults:4: nicolae_vaults_octagons, v_misc_28, ontoclasm_vaults_hangar,
          ontoclasm_vaults_ring_small, vaults_room_stairs_pillars,
          ontoclasm_vaults_idyll, vaults_standard_mumra_enter_the_diamond,
          hangedman_vaults_trim, nicolae_vaults_circle_grid_a,
          vaults_room_door_hall, layout_vaults_omnicross, uniq_boris
Vaults:5: serial_shops, uniq_sojobo, uniq_jory, uniq_margery
Crypt:1:  layout_chaotic_city, grunt_crypt_arrival_guarded_gate
Crypt:2:  layout_rooms, basic_altar, pandoras_box_mu
Crypt:3:  quadcrypt_mu, uniq_khufu
Abyss:1:  base: D:8, base: Lair:4, base: Lair:5, base: Snake:2,
          hangedman_stitches_earthworm, base: Swamp:3, base: Vaults:2,
          hangedman_abyss_sting, base: Elf:1, lemuel_flamethrower_3

Skill      XL: |  1  2  3  4  5  6  7  8  9 10 11 12 13 14 15 16 17 18 19 20 21 22 23 |
---------------+----------------------------------------------------------------------+-----
Axes           | 2 |  2.3
Dodging        | 1 2 3 4 5 6 7 8 9 10 11 12 13 | 13.4
Staves         | 1 2 3 4 6 7 9 10 11 12 13 14 15 16 17 18 | 18.2
Armour         | 2 3 4 5 6 7 8 10 11 12 13 14 15 16 17 | 17.3
Invocations    | 3 4 5 6 8 9 10 11 12 13 14 15 16 17 18 | 18.8
Fighting       | 4 5 6 7 8 9 10 11 12 13 14 15 16 17 18 | 18.1
Throwing       | 1 2 |  2.4
Polearms       | 5 |  5.2

Action                   |  1- 3 |  4- 6 |  7- 9 | 10-12 | 13-15 | 16-18 | 19-21 | 22-24 || total
-------------------------+-------+-------+-------+-------+-------+-------+-------+-------++-------
Melee: Quarterstaff      |    46 |   116 |   313 |   512 |  1015 |  1417 |   821 |   395 ||  4635
       Hand axe          |     1 |       |       |       |       |       |       |       ||     1
       Kick              |     4 |    16 |    42 |   159 |   424 |   630 |   677 |   481 ||  2433
       War axe           |       |       |       |     9 |       |       |       |       ||     9
       Headbutt          |       |       |       |       |   118 |    17 |   390 |   280 ||   805
       Scythe            |       |       |       |       |       |       |   128 |       ||   128
       Lajatang          |       |       |       |       |       |       |   345 |   671 ||  1016
Throw: Boomerang         |       |       |       |       |     4 |       |       |       ||     4
       Javelin           |       |       |       |       |     1 |     5 |     7 |       ||    13
Invok: Depart the Abyss  |     1 |       |       |     1 |       |     2 |     2 |     1 ||     7
       Bend Space        |       |     1 |       |       |       |     4 |     4 |     1 ||    10
       Banish            |       |       |     2 |     7 |       |     6 |     1 |       ||    16
       Enter the Abyss   |       |       |       |     1 |       |     2 |     3 |     1 ||     7
       Corrupt           |       |       |       |     1 |       |       |     2 |       ||     3
Evoke: Wand              |       |       |       |       |     1 |       |       |       ||     1
  Use: Scroll            |     5 |     4 |    10 |     5 |    23 |    11 |    24 |    15 ||    97
       Potion            |       |       |       |     7 |     2 |     2 |     8 |     9 ||    28
 Stab: Petrified         |       |       |       |       |     4 |       |       |       ||     4
       Distracted        |       |       |       |       |       |     1 |       |       ||     1
  Eat: Chunk             |       |     7 |    11 |    16 |    35 |    15 |    29 |     7 ||   120
       Ration            |       |       |       |     4 |     2 |    10 |     5 |     8 ||    29
Armor: Scale mail        |    19 |       |       |       |       |       |       |       ||    19
       Ring mail         |     2 |    73 |   225 |   239 |    55 |       |       |       ||   594
       Chain mail        |       |       |       |       |   429 |   687 |   784 |   971 ||  2871
Dodge: Dodged            |    11 |    70 |   229 |   322 |   644 |  1059 |   774 |   838 ||  3947
       Deflected         |       |       |       |     5 |    26 |   120 |    45 |    21 ||   217

Table legend:
 A = Non-vault XP
 B = Vault XP
 C = Vault XP percentage of total XP
 D = Non-vault monster count
 E = Vault monster count
 F = Vault count percentage of total count
                 A         B        C        D         E       F
            +---------+---------+-------+---------+---------+-------
      Total |  529360 |  407667 |  43.5 |    1395 |     718 |  34.0
            +---------+---------+-------+---------+---------+-------
        D:1 |      46 |       0 |   0.0 |      22 |       0 |   0.0
        D:2 |      79 |       0 |   0.0 |      15 |       0 |   0.0
        D:3 |     500 |       0 |   0.0 |      41 |       0 |   0.0
        D:4 |      97 |     123 |  55.9 |      17 |       1 |   5.6
        D:5 |     777 |      40 |   4.9 |      34 |       1 |   2.9
        D:6 |    1007 |     218 |  17.8 |      17 |      11 |  39.3
        D:7 |     877 |     122 |  12.2 |      15 |       1 |   6.2
        D:8 |    1150 |       0 |   0.0 |      24 |       0 |   0.0
        D:9 |    3395 |    1025 |  23.2 |      24 |       1 |   4.0
       D:10 |    2525 |     238 |   8.6 |      13 |       4 |  23.5
       D:11 |    4510 |    4919 |  52.2 |      36 |      42 |  53.8
       D:12 |    8956 |       0 |   0.0 |      37 |       0 |   0.0
       D:13 |   11721 |   16643 |  58.7 |      35 |      26 |  42.6
       D:14 |    3673 |    2909 |  44.2 |      14 |       2 |  12.5
       D:15 |   12492 |    4255 |  25.4 |      34 |       8 |  19.0
     Lair:1 |    6057 |    1325 |  17.9 |      32 |       3 |   8.6
     Lair:2 |    3876 |       0 |   0.0 |      22 |       0 |   0.0
     Lair:3 |    3878 |       0 |   0.0 |      17 |       0 |   0.0
     Lair:4 |    5355 |   12144 |  69.4 |      15 |      52 |  77.6
     Lair:5 |    6271 |    1656 |  20.9 |      27 |       5 |  15.6
     Lair:6 |    8095 |   15115 |  65.1 |      29 |      40 |  58.0
    Swamp:1 |   14095 |       0 |   0.0 |      31 |       0 |   0.0
    Swamp:2 |   12974 |       0 |   0.0 |      29 |       0 |   0.0
    Swamp:3 |   17232 |   13570 |  44.1 |      47 |       6 |  11.3
    Swamp:4 |    4410 |    9679 |  68.7 |      16 |      29 |  64.4
    Snake:1 |   21371 |       0 |   0.0 |      37 |       0 |   0.0
    Snake:2 |   15365 |    7287 |  32.2 |      27 |       4 |  12.9
    Snake:3 |   15597 |    5839 |  27.2 |      27 |       4 |  12.9
    Snake:4 |   29549 |   32574 |  52.4 |      55 |      61 |  52.6
      Orc:1 |    2792 |    1564 |  35.9 |      25 |      15 |  37.5
      Orc:2 |    6961 |   11659 |  62.6 |      47 |      67 |  58.8
   Vaults:1 |   25376 |   20924 |  45.2 |      47 |      39 |  45.3
   Vaults:2 |   25939 |   12968 |  33.3 |      38 |      25 |  39.7
   Vaults:3 |   36413 |   35538 |  49.4 |      62 |      42 |  40.4
   Vaults:4 |   48829 |   76956 |  61.2 |      62 |      74 |  54.4
   Vaults:5 |   12032 |   92312 |  88.5 |      24 |      57 |  70.4
    Crypt:1 |   30490 |     177 |   0.6 |      46 |       1 |   2.1
    Crypt:2 |   20617 |    7468 |  26.6 |      32 |      18 |  36.0
    Crypt:3 |       0 |   12429 | 100.0 |       0 |      13 | 100.0
    Abyss:1 |   67015 |    1422 |   2.1 |     132 |       2 |   1.5
    Abyss:2 |    6202 |       0 |   0.0 |      28 |       0 |   0.0
    Abyss:3 |    3447 |       0 |   0.0 |       7 |       0 |   0.0
    Abyss:4 |    1735 |       0 |   0.0 |       4 |       0 |   0.0
    Abyss:5 |   25582 |       0 |   0.0 |      52 |       0 |   0.0
      Sewer |       0 |     362 | 100.0 |       0 |      48 | 100.0
   Gauntlet |       0 |    4207 | 100.0 |       0 |      16 | 100.0
            +---------+---------+-------+---------+---------+-------
